 Dungeon Crawl Stone Soup version 0.21-a0-404-g291f19a (webtiles) character file.

288 karf the Conjurer (level 6, -1/32 HPs)
             Began as a Tengu Conjurer on Oct 31, 2017.
             Killed from afar by an orc wizard (10 damage)
             ... with a magic dart
             ... on level 4 of the Dungeon.
             The game lasted 00:13:30 (3733 turns).

karf the Conjurer (Tengu Conjurer)                  Turns: 3733, Time: 00:13:31

Health: -1/32      AC:  9    Str:  8    XL:     6   Next: 31%
Magic:  0/11       EV: 11    Int: 18    God:
Gold:   129        SH:  0    Dex: 14    Spells: 8/11 levels left

rFire    . . .     SeeInvis .   m - +2 rapier (speed)
rCold    . . .     Gourm    .   (no shield)
rNeg     . . .     Faith    .   e - quicksilver dragon scales
rPois    .         Spirit   .   (helmet restricted)
rElec    .         Reflect  .   (no cloak)
rCorr    .         Harm     .   (no gloves)
MR       +....                  (boots unavailable)
Stlth    +.........             (no amulet)
HPRegen  0.10/turn              (no ring)
MPRegen  0.12/turn              (no ring)

@: lethally poisoned (-1 -> -3), very slightly contaminated
A: beak, talons 3, able to fly 1
a: Fly


You were on level 4 of the Dungeon.
You were very hungry.

You visited 1 branch of the dungeon, and saw 4 of its levels.

You collected 129 gold pieces.

Inventory:

Hand Weapons
 l - a +1 dagger of venom
 m - a +2 rapier of speed (weapon)
Armour
 a - a +0 robe
 e - quicksilver dragon scales (worn)
Scrolls
 j - a scroll of remove curse {unknown}
 k - a scroll of identify
 n - a scroll of blinking {unknown}
 o - a scroll of amnesia {unknown}
Potions
 d - 3 potions of curing
 h - a potion of degeneration {unknown}
 i - 2 potions of flight {unknown}
Books
 b - a book of Conjurations

   Spells                             Type                      Level
   a - Magic Dart                     Conjuration                  1
   b - Searing Ray                    Conjuration                  2
   c - Dazzling Spray                 Conjuration/Hexes            3
   d - Fulminant Prism                Conjuration/Hexes            4
   e - Force Lance                    Conjuration/Translocation    4
   f - Iskenderun's Mystic Blast      Conjuration                  4
Comestibles
 c - 3 bread rations
 f - 2 royal jellies
 g - a meat ration


   Skills:
 + Level 1.4 Short Blades
 + Level 1.6 Armour
 - Level 4.0 Dodging
 - Level 2.0 Stealth
 + Level 3.1 Spellcasting
 * Level 7.3 Conjurations


You had 8 spell levels left.
You knew the following spells:

 Your Spells              Type           Power        Failure   Level  Hunger
a - Magic Dart            Conj           ####         2%          1    None
b - Searing Ray           Conj           ####..       3%          2    ##.....


Dungeon Overview and Level Annotations

Branches:
Dungeon (4/15)
 Temple: D:4-7

Altars:
Gozag
Hepliaklqana
Kikubaaqudgha
Nemelex Xobeh
Qazlal


Innate Abilities, Weirdness & Mutations

You have a beak for a mouth.
You have claws for feet.
You can fly.


Message History

You are feeling very hungry.
You feel sick.
Something hits you but does no damage. x2
The quokka bites you.
The searing ray hits something.
You hear some strange, mumbled words.
A puff of flame appears from out of thin air!
The puff of flame hits you!
The quokka bites you but does no damage.
You barely miss something. You peck something.
Something hits you but does no damage.
The quokka bites you but does no damage.
You hit the quokka. Your kick misses the quokka. You peck the quokka.
You kill the quokka!
Something hits you but does no damage.
You hit something. Something hits you.
You miss something.
You feel sick.
You hear some strange, mumbled words.
A magic dart appears from out of thin air!
The magic dart hits you!
You die...

#..<....#.#+#.....
#.......#.).......
#.......#.........
#.......#.........
#......o'.#.......
#.......######o...
####o#### .).. #{#
... #@# ..
#..........
#.....#....
#.....# .. #.....#
#.>...# #.....#
#......


You could see an orc.

Vanquished Creatures
  A jelly (D:4)
  2 orc priests
  A worker ant (D:4)
  2 orc wizards (D:3)
  A hound skeleton (D:4)
  2 adders
  An ooze (D:3)
  A worm (D:3)
  A dart slug (D:1)
  3 leopard geckos
  12 orcs
  5 bats
  3 giant cockroaches (D:1)
  11 hobgoblins
  7 jackals (D:2)
  2 quokkas
  A ball python (D:2)
  2 frilled lizards (D:2)
  6 goblins
  5 kobolds
  4 rats
73 creatures vanquished.

Vanquished Creatures (others)
  A human (D:3)
1 creature vanquished.

Grand Total: 74 creatures vanquished

Notes
Turn   | Place    | Note
-------+----------+-------------------------------------------
     0 | D:1      | karf the Tengu Conjurer began the quest for the Orb.
     0 | D:1      | Reached XP level 1. HP: 10/10 MP: 4/4
   397 | D:1      | Reached XP level 2. HP: 15/15 MP: 0/6
   828 | D:1      | Found a sparkling altar of Nemelex Xobeh.
  1247 | D:2      | Reached skill level 6 in Conjurations
  1247 | D:2      | Reached XP level 3. HP: 19/19 MP: 0/7
  1566 | D:2      | Found an ancient bone altar of Kikubaaqudgha.
  2112 | D:3      | Reached XP level 4. HP: 17/24 MP: 1/8
  2336 | D:3      | Learned a level 2 spell: Searing Ray
  2481 | D:3      | Found a hazy altar of Hepliaklqana.
  2481 | D:3      | Found an opulent altar of Gozag.
  2674 | D:3      | Gained mutation: You can fly. [Tengu growth]
  2674 | D:3      | Reached XP level 5. HP: 28/28 MP: 5/10
  2721 | D:3      | Found a stormy altar of Qazlal.
  2792 | D:3      | Reached skill level 1 in Armour
  3031 | D:3      | Found an ancient bone altar of Kikubaaqudgha.
  3031 | D:3      | Noticed a human
  3035 | D:3      | Killed a human
  3247 | D:3      | Reached skill level 7 in Conjurations
  3477 | D:4      | Reached skill level 1 in Short Blades
  3664 | D:4      | Reached XP level 6. HP: 32/32 MP: 8/11
  3733 | D:4      | Killed from afar by an orc wizard

Vault maps used:
D:1:      dpeg_arrival_connections, serial_park_tiny_2, minmay_misc_feat_x,
          nemelex_altar_shiori
D:2:      kiku_gazebo_garden_becter, minmay_hexomino_p4
D:3:      old_standard_altar, chequers_temple_overflow_statue_of_worship,
          first_bread, tgw_kikubaaqudgha
D:4:      makhleb_blood_cavern_becter, vehumet_crystals, lemuel_angel_altar

Skill      XL: |  1  2  3  4  5  6 |
---------------+-------------------+-----
Conjurations   | 6 7 |  7.3
Dodging        | 3 4 |  4.0
Armour         | 1 |  1.6
Short Blades   | 1 |  1.4
Spellcasting   | 3 |  3.1
Stealth        | |  2.0

Action                   |  1- 3 |  4- 6 || total
-------------------------+-------+-------++-------
Melee: Unarmed           |    28 |       ||    28
       Peck              |     4 |     6 ||    10
       Kick              |     4 |     5 ||     9
       Dagger            |       |     5 ||     5
       Rapier            |       |    37 ||    37
 Cast: Magic Dart        |    75 |    66 ||   141
       Searing Ray       |       |     4 ||     4
  Use: Scroll            |       |     1 ||     1
  Eat: Chunk             |     4 |     5 ||     9
Armor: Robe              |     3 |       ||     3
       Quicksilver drago |    19 |    31 ||    50
Dodge: Dodged            |    23 |    26 ||    49

Table legend:
 A = Spawn XP
 B = Non-spawn XP
 C = Spawn XP percentage of total XP
 D = Spawn monster count
 E = Non-spawn monster count
 F = Spawn count percentage of total count
 G = Total turns spent on level
                    A         B        C        D         E        F      G
               +---------+---------+-------+---------+---------+-------+---------
         Total |       0 |     412 |   0.0 |       0 |      73 |   0.0 |  3733
               +---------+---------+-------+---------+---------+-------+---------
           D:1 |       0 |      29 |   0.0 |       0 |      16 |   0.0 |  1180
           D:2 |       0 |      49 |   0.0 |       0 |      21 |   0.0 |   915
           D:3 |       0 |     189 |   0.0 |       0 |      29 |   0.0 |  1370
           D:4 |       0 |     145 |   0.0 |       0 |       7 |   0.0 |   268
               +---------+---------+-------+---------+---------+-------+---------
